 Dungeon Crawl Stone Soup version 0.31-a0-960-g0fca184906 (webtiles) character file.

Game seed: 1096636093210862194

112 Azuregosa the Covert (level 4, -19/31 HPs)
             Began as an Octopode Delver on Oct 23, 2023.
             Demolished by an ogre
             ... wielding a +0 giant club
              (25 damage)
             ... on level 5 of the Dungeon.
             The game lasted 00:01:12 (154 turns).

Azuregosa the Covert (Octopode Delver)               Turns: 154, Time: 00:01:13

Health: -19/31     AC:  1    Str: 13    XL:     4   Next: 95%
Magic:  4/4        EV: 12    Int: 14    God:
Gold:   24         SH:  5    Dex: 13    Spells: 3/3 levels left

rFire   . . .        h - +0 war axe (elec)
rCold   . . .        k - +1 buckler "Nuelaepi" {Str+2}
rNeg    . . .        (helmet restricted)
rPois   .            (no amulet)
rElec   .            (no ring)
rCorr   .            (no ring)
SInv    .            (no ring)
Will    .....        (no ring)
Stlth   +++++        (no ring)
HPRegen 0.25/turn    (no ring)
MPRegen 0.09/turn    (no ring)
                     (no ring)

%: no passive effects
@: no status effects
A: almost no armour, amphibious, 8 rings, camouflage 1, gelatinous body 1,
(nimble swimmer 1), tentacles
a: no special abilities


You were on level 5 of the Dungeon.
You visited 1 branch of the dungeon, and saw 1 of its levels.

You collected 24 gold pieces.

Inventory:

Hand Weapons
 a - a +0 mace
 h - a +0 war axe of electrocution (weapon)
Missiles
 j - 8 poisoned darts
 l - 5 stones
Armour
 k - the +1 buckler "Nuelaepi" (worn) {Str+2}
   (You found it on level 5 of the Dungeon)

   Str+2:     It affects your strength (+2).
Wands
 f - a wand of digging (3)
Scrolls
 b - a scroll of fog
 d - a scroll of fear
 g - a scroll of identify {unknown}
 i - a scroll of noise {unknown}
Potions
 c - a potion of degeneration {unknown}
 e - a potion of haste


   Skills:
 - Level 3.0 Fighting
 - Level 2.0 Maces & Flails
 - Level 2.0 Dodging
 + Level 9.3 Stealth


You had 3 spell levels left.
You didn't know any spells.
Your spell library was empty.

Dungeon Overview and Level Annotations

Branches:
Dungeon (5/15)
 Temple: D:4-7

Altars:
Ru
Zin


Innate Abilities, Weirdness & Mutations

You cannot wear most types of armour.
You are amphibious.
You can wear up to eight rings at the same time.
Your skin changes colour to match your surroundings (Stealth+).
Your rubbery body absorbs attacks. (AC +1, EV +1)
((You are camouflaged when in or above water. (Stealth+)))
You have tentacles for arms and can constrict up to eight enemies at once.


Message History

j - 6 poisoned darts You see here the +1 buckler "Nuelaepi" {Str+2}.
k - the +1 buckler "Nuelaepi" {Str+2}
Okay, then.
There are no items here.
You start putting on your armour.
You continue putting on the +1 buckler "Nuelaepi" {Str+2}. x4
You finish putting on the +1 buckler "Nuelaepi" {Str+2}.
You feel stronger.
j - 8 poisoned darts (gained 2)
A jelly comes into view.
Found 5 stones.
The helpless jelly fails to defend itself.
You slash the jelly!
Your tentacles burn!
The jelly is heavily wounded.
You block the jelly's attack. The jelly barely misses you.
You slash the jelly!
You kill the jelly!
Your Stealth skill increases to level 9!
You see here 5 stones.
l - 5 stones HP restored.
An ogre comes into view. It is wielding a +0 giant club.
The helpless ogre fails to defend itself.
You slash the ogre!
The ogre is moderately wounded.
The ogre barely misses you.
You completely miss the ogre.
The ogre is moderately wounded.
The ogre hits you with a +0 giant club!
You hit the ogre.
The ogre is heavily wounded.
The ogre hits you with a +0 giant club!
Ouch! That really hurt!
* * * LOW HITPOINT WARNING * * *
You hit the ogre but do no damage.
The ogre is heavily wounded.
The ogre hits you with a +0 giant club!!
Ouch! That really hurt!
You die...

**********### **
*,,,,,,,,,..#
,***,********#.#
,,**,* #.#
,,,<,* ####.####
,,**** #.....@.#
,** #.#..##O#
*********
#..#.##.# *
*,,,,,*
#.###.#.# *
*,,,,,*
#..#.##.# *
*,,,,,*
#.#..##.#
##*,,,,,*
#.......#
.#*,,,,,*
####.####
..,,,,*** #.#


You could see an ogre.

Vanquished Creatures
  An ogre (D:5)
  A jelly (D:5)
2 creatures vanquished.

Notes
Turn   | Place    | Note
-------+----------+-------------------------------------------
     0 | D:5      | Azuregosa the Octopode Delver began the quest for the Orb.
     0 | D:5      | Reached XP level 1. HP: 16/16 MP: 1/1
    72 | D:5      | Found a glowing silver altar of Zin.
    88 | D:5      | Found a sacrificial altar of Ru.
    89 | D:5      | Noticed an ogre
    97 | D:5      | Killed an ogre
    98 | D:5      | Reached skill level 8 in Stealth
    98 | D:5      | Reached XP level 2. HP: 21/21 MP: 2/2
    98 | D:5      | Reached XP level 3. HP: 26/26 MP: 3/3
    98 | D:5      | Reached XP level 4. HP: 31/31 MP: 4/4
   105 | D:5      | Identified the +1 buckler "Nuelaepi" {Str+2}
   135 | D:5      | Reached skill level 9 in Stealth
   148 | D:5      | Noticed an ogre
   154 | D:5      | Demolished by an ogre

Illustrated notes

Levels and vault maps discovered:
D:5:      layout_loops_cross, mainiacjoe_overflow_catwalk_spiral,
          serial_bayou_pond_c, uniq_prince_ribbit1

Skill      XL: |  1  2  3  4 |
---------------+-------------+-----
Stealth        | 8 9 |  9.3
Fighting       | |  3.0
Maces & Flails | |  2.0
Dodging        | |  2.0

Action                     |  1- 3 |  4- 6 || total
---------------------------+-------+-------++-------
  Melee: War axe           |     5 |     6 ||    11
    Use: Scroll            |     1 |       ||     1
   Stab: Sleeping          |       |     2 ||     2
 Armour: Skin              |       |     3 ||     3
  Dodge: Dodged            |     4 |     2 ||     6
  Block: Buckler           |       |     1 ||     1

Table legend: (Time is in decaauts)
 A = Elapsed time spent in this place.
 B = Non-inter-level travel time spent in this place.
 C = Inter-level travel time spent in this place.
 D = Time resting spent in this place.
 E = Time spent auto-exploring this place.
 F = Levels seen in this place.
 G = Mean time per level.
                   A        B        C        D        E       F      G
               +--------+--------+--------+--------+--------+-----+--------+
         Total |    158 |    158 |      0 |      0 |     85 |   1 |  158.0 |
       Dungeon |    158 |    158 |      0 |      0 |     85 |   1 |  158.0 |
               +--------+--------+--------+--------+--------+-----+--------+

Top non-repeatable levels by time:
     D:5: 158 daAuts
